 Dungeon Crawl Stone Soup version 0.23.1 (webtiles) character file.

Game seed: 0

687 Descartes the Sneak (level 7, 0/34 HPs)
             Began as a Vine Stalker Enchanter on Mar 1, 2019.
             Was an Initiate of Dithmenos.
             Slain by a killer bee (1 damage)
             ... on level 5 of the Dungeon.
             The game lasted 00:14:34 (4736 turns).

Descartes the Sneak (Vine Stalker Enchanter)        Turns: 4736, Time: 00:14:35

Health: 0/34       AC:  8    Str: 12    XL:     7   Next: 62%
Magic:  0/12       EV: 11    Int: 16    God:    Dithmenos [......]
Gold:   250        SH:  0    Dex: 14    Spells: 3/12 levels left

rFire    . . .     SeeInvis .   p - +2 spear (venom)
rCold    . . .     Gourm    .   (no shield)
rNeg     . . .     Faith    .   h - +0 ring mail
rPois    .         Spirit   +   (no helmet)
rElec    .         Reflect  .   k - scarf {repulsion}
rCorr    .         Harm     .   j - +2 pair of gloves
MR       .....                  (no boots)
Stlth    +++.......             s - amulet of regeneration
HPRegen  0.91/turn              (no ring)
MPRegen  0.13/turn              (no ring)

@: lethally poisoned (0 -> -8), repel missiles
A: fangs 2, regeneration 1, magic shield, antimagic bite, no potion heal 3, rot
immunity
a: Renounce Religion


You were on level 5 of the Dungeon.
You worshipped Dithmenos.
Dithmenos was noncommittal.
You were not hungry.

You visited 2 branches of the dungeon, and saw 6 of its levels.

You collected 250 gold pieces.

Inventory:

Hand Weapons
 a - a +1 dagger
 b - a +0 hunting sling
 p - a +2 spear of venom (weapon)
 D - a +0 quarterstaff
 F - a +2 dagger of electrocution
 G - a +0 shortbow
 H - a +1 trident of piercing
Missiles
 i - 2 stones
 l - 23 poisoned needles
 q - 3 needles of sleeping (quivered)
 r - 2 needles of frenzy
 x - 10 tomahawks
Armour
 h - a +0 ring mail (worn)
 j - a +2 pair of gloves (worn)
 k - a scarf of repulsion (worn)
Jewellery
 s - an amulet of regeneration (around neck)
 v - an uncursed amulet of the acrobat
Scrolls
 e - 3 scrolls of remove curse
 f - 2 scrolls of amnesia {unknown}
 g - a scroll of magic mapping {unknown}
 n - a scroll of fog {unknown}
 t - 2 scrolls of teleportation {unknown}
 u - a scroll of enchant armour {unknown}
 y - a scroll of immolation {unknown}
 C - 2 scrolls of noise {unknown}
 E - 2 scrolls of identify
Potions
 c - 2 potions of curing
 m - 2 potions of berserk rage
 o - 2 potions of lignification {unknown}
 w - 2 potions of resistance
 z - a potion of cancellation {unknown}
 B - a potion of might {unknown}
Comestibles
 d - 9 rations
 A - 5 chunks of flesh


   Skills:
 + Level 1.9 Fighting
 - Level 1.4 Short Blades
 + Level 2.6 Dodging
 * Level 6.0 Stealth
 * Level 3.3 Unarmed Combat
 + Level 3.2 Spellcasting
 + Level 1.8 Conjurations
 + Level 4.0 Hexes
 + Level 1.8 Ice Magic


You had 3 spell levels left.
You knew the following spells:

 Your Spells              Type           Power        Failure   Level  Hunger
a - Corona                Hex            ###....      9%          1    None
b - Ensorcelled Hibernat  Hex/Ice        ##....       19%         2    ##.....
c - Dazzling Spray        Conj/Hex       ##....       36%         3    ###....
d - Confuse               Hex            ###.....     24%         3    ###....

Your spell library contained the following spells:

 Spells                   Type           Power        Failure   Level  Hunger
 Tukima's Dance           Hex            ###.....     24%         3    ###....


Dungeon Overview and Level Annotations

Branches:
Dungeon (5/15)             Temple (1/1) D:5

Altars:
Ashenzari
Cheibriados
Dithmenos
Gozag
Kikubaaqudgha
Makhleb
Nemelex Xobeh
Okawaru
Ru
Sif Muna
Trog
Uskayaw
Vehumet
Wu Jian
Xom
Yredelemnul
Zin
The Shining One


Innate Abilities, Weirdness & Mutations

You have extremely sharp teeth.
Your natural rate of healing is unusually fast.
When hurt, damage is shared between your health and your magic reserves.
Your bite disrupts and absorbs the magic of your enemies.
Potions cannot restore your health.
You are immune to rotting.


Message History

The killer bee stings you.
* * * LOW HITPOINT WARNING * * *
* * * LOW HITPOINT WARNING * * *
You feel sick. The killer bee barely misses you. The killer bee stings you.
* * * LOW HITPOINT WARNING * * *
You are more poisoned.
The killer bee poisons you!
* * * LOW HITPOINT WARNING * * *
You feel very sick. The killer bee closely misses you.
The killer bee stings you but does no damage.
* * * LOW HITPOINT WARNING * * *
You feel sick. The killer bee closely misses you. The killer bee misses you.
There is a stone staircase leading down here.
* * * LOW HITPOINT WARNING * * *
You feel sick.
The killer bee stings you but does no damage.
The killer bee stings you. The killer bee closely misses you.
The killer bee stings you.
You die...

....##########+#### ......###
....#......#......# ......#
....#......#......# .......#
....#......#......# ........#
....#......#...[..#.........+
....#......#......#.........#
....###'########'##.........#####
#####...............### #........
#...........@...#...#........
#...........yy..#...#........
#...............+...'........
#...............# #........
#...............# #........
#####...............#####)).....!
.....############'#......########
.....# #.......'......# # .....#
#.......#......# #


You could see 2 killer bees.

Vanquished Creatures
  A sky beast (D:5)
  An ice beast (D:5)
  A crimson imp (D:5)
  A hound (D:3)
  An orc priest (D:5)
  Natasha (thrice) (D:4)
  An iguana (D:5)
  6 worker ants
  4 gnolls (D:2)
  3 adders
  An adder skeleton (D:4)
  2 worms
  4 dart slugs
  3 leopard geckos
  3 orcs (D:5)
  6 bats
  A giant cockroach (D:3)
  13 goblins
  6 hobgoblins
  5 jackals
  3 quokkas
  2 ball pythons
  2 frilled lizards
  10 kobolds
  2 leopard gecko skeletons
  6 rats
91 creatures vanquished.

Vanquished Creatures (others)
  An orc wizard (D:5)
1 creature vanquished.

Grand Total: 92 creatures vanquished

Notes
Turn   | Place    | Note
-------+----------+-------------------------------------------
     0 | D:1      | Descartes the Vine Stalker Enchanter began the quest for
                  | the Orb.
     0 | D:1      | Reached XP level 1. HP: 9/9 MP: 4/4
    90 | D:1      | Reached skill level 1 in Short Blades
   122 | D:1      | Reached XP level 2. HP: 11/13 MP: 4/6
   617 | D:1      | Reached skill level 4 in Stealth
   939 | D:1      | Learned a level 2 spell: Ensorcelled Hibernation
   996 | D:1      | Reached XP level 3. HP: 14/17 MP: 3/7
  1151 | D:1      | Reached skill level 1 in Unarmed Combat
  1560 | D:1      | Learned a level 3 spell: Dazzling Spray
  2217 | D:2      | Gained mutation: Your natural rate of healing is unusually
                  | fast. [Vine Stalker growth]
  2217 | D:2      | Reached XP level 4. HP: 4/21 MP: 6/8
  2777 | D:3      | Reached skill level 1 in Fighting
  2777 | D:3      | Reached XP level 5. HP: 25/25 MP: 7/9
  2951 | D:3      | Found a basalt altar of Yredelemnul.
  3046 | D:3      | Found a faded altar of an unknown god.
  3497 | D:4      | Noticed Natasha
  3503 | D:4      | Killed Natasha
  3503 | D:4      | Reached skill level 5 in Stealth
  3511 | D:4      | Learned a level 3 spell: Confuse
  3564 | D:4      | Reached skill level 1 in Conjurations
  3564 | D:4      | Reached skill level 1 in Ice Magic
  3564 | D:4      | Reached XP level 6. HP: 30/30 MP: 11/11
  3584 | D:4      | Found an iron altar of Okawaru.
  3586 | D:4      | Found a hide-covered altar of Uskayaw.
  3586 | D:4      | Found a sparkling altar of Nemelex Xobeh.
  3785 | D:4      | Found a glowing golden altar of the Shining One.
  3860 | D:4      | Noticed Natasha
  3866 | D:4      | Killed Natasha
  3926 | D:4      | Noticed Natasha
  3936 | D:4      | Killed Natasha
  4118 | D:5      | Entered Level 5 of the Dungeon
  4125 | D:5      | Found a staircase to the Ecumenical Temple.
  4149 | Temple   | Entered the Ecumenical Temple
  4296 | Temple   | Became a worshipper of Dithmenos the Shadowed
  4413 | D:5      | Noticed an ice beast
  4429 | D:5      | Killed an ice beast
  4429 | D:5      | Reached XP level 7. HP: 18/34 MP: 5/12
  4613 | D:5      | Reached skill level 6 in Stealth
  4736 | D:5      | HP: 1/34 [poisoned by a killer bee]
  4736 | D:5      | Slain by a killer bee

Skill      XL: |  1  2  3  4  5  6  7 |
---------------+----------------------+-----
Short Blades   | 1 |  1.4
Stealth        | 4 5 6 |  6.0
Unarmed Combat | 1 2 3 |  3.3
Dodging        | 2 |  2.6
Fighting       | 1 |  1.9
Conjurations   | 1 |  1.8
Ice Magic      | 1 |  1.8
Spellcasting   | 3 |  3.2
Hexes          | 4 |  4.0

Action                   |  1- 3 |  4- 6 |  7- 9 || total
-------------------------+-------+-------+-------++-------
Melee: Dagger            |   110 |    24 |       ||   134
       Bite              |    22 |    35 |     6 ||    63
       Punch             |     1 |     1 |     1 ||     3
       Spear             |       |   146 |    32 ||   178
Throw: Stone             |       |     1 |       ||     1
  Use: Scroll            |       |     4 |       ||     4
 Stab: Sleeping          |     7 |    12 |     2 ||    21
       Distracted        |       |     1 |       ||     1
  Eat: Chunk             |     4 |     7 |     1 ||    12
Armor: Robe              |     5 |       |       ||     5
       Ring mail         |    17 |    50 |    20 ||    87
Dodge: Dodged            |    57 |    79 |    21 ||   157
       Deflected         |     2 |     1 |       ||     3
